 Dungeon Crawl Stone Soup version 0.30.0-29-ga12c61a403 (webtiles) character file.

Game seed: 7083675077158789161

5913 ChrisAssaf the Gouger (level 10, -2/39 HPs)
             Began as a Felid Transmuter on June 3, 2023.
             Was a High Priest of Hepliaklqana.
             Slain by a freezing wraith (7 damage)
             ... in an ice cave on June 5, 2023.
             The game lasted 00:51:30 (12306 turns).

ChrisAssaf the Gouger (Felid Transmuter)           Turns: 12306, Time: 00:51:32

Health: -2/39      AC:  2    Str: 14    XL:     10   Next: 53%
Magic:  20/20      EV: 21    Int: 19    God:    Hepliaklqana [*****.]
Gold:   1771       SH:  0    Dex: 17    Spells: 12/21 levels left
                                        Lives:  0   Deaths: 3

rFire   . .          .
                       - Unarmed
rCold   + . .        (shield unavailable)
rNeg    . . .        (body armour unavailable)
rPois   +            (helmet unavailable)
rElec   .            (cloak unavailable)
rCorr   .            (gloves unavailable)
SInv    +            (boots unavailable)
Will    +....        a - amulet of faith
Stlth   ++           q - ring "Piysaos" {rC+ Str+4 Int+4}
HPRegen 0.26/turn    p - ring of poison resistance
MPRegen 0.17/turn

%: faith
@: confused, ambrosia-drunk, quick
A: reduced essence, very small, claws 1, fangs 3, see invisible, speed 1, shaggy
fur 2, stealthy paws, no weapons or thrown items, no armour, multi-lived
a: Renounce Religion, Recall Ancestor, Ancestor Identity, Transference, Idealise


You were in an ice cave.
You worshipped Hepliaklqana.
Hepliaklqana was extremely pleased with you.
You visited 1 branch of the dungeon, and saw 12 of its levels.
You also visited: Ice Cave.

You collected 1771 gold pieces.

Inventory:

Armour
 C - a +2 hat
Jewellery
 a - an amulet of faith (around neck)
 e - a +4 ring of protection
 m - a ring of resist corrosion
 p - a ring of poison resistance (right paw)
 q - the ring "Piysaos" (left paw) {rC+ Str+4 Int+4}
   (You acquired it on level 6 of the Dungeon)

   [ring of protection from cold]

   Str:       It affects your strength (+4).
   Int:       It affects your intelligence (+4).
   rC:        It protects you from cold.
 t - a +4 ring of protection
 E - a ring of ice
Wands
 b - a wand of flame (8)
 x - a wand of paralysis (2)
 B - a wand of digging (4)
Scrolls
 d - a scroll of silence
 f - 3 scrolls of teleportation
 i - a scroll of brand weapon
 j - 3 scrolls of amnesia
 l - a scroll of enchant weapon
 n - 2 scrolls of fog
 w - 3 scrolls of magic mapping
 y - a scroll of enchant armour
 z - a scroll of poison
 D - a scroll of noise {unknown}
Potions
 c - 2 potions of mutation {unknown}
 g - a potion of invisibility {unknown}
 h - 2 potions of cancellation
 k - 2 potions of haste {unknown}
 o - a potion of might {unknown}
 r - 3 potions of attraction {unknown}
 s - 3 potions of ambrosia
 u - 2 potions of magic {unknown}
 v - a potion of berserk rage {unknown}


   Skills:
 * Level 5.5 Fighting
 * Level 7.4 Dodging
 * Level 8.4 Stealth
 * Level 9.1 Unarmed Combat
 * Level 6.1 Spellcasting
 * Level 3.3 Hexes
 * Level 4.9 Summonings
 * Level 7.2 Transmutations
 * Level 2.2 Ice Magic
 * Level 4.7 Poison Magic
 * Level 4.8 Invocations
 + Level 1.9 Evocations


You had 12 spell levels left.
You knew the following spells:

 Your Spells              Type           Power      Damage    Failure   Level
a - Beastly Appendage     Tmut           66%        N/A       1%          1
b - Wereblood             Tmut           33%        N/A       1%          2
c - Spider Form           Tmut/Pois      28%        N/A       2%          3
d - Summon Small Mammal   Summ           96%        N/A       1%          1
e - Ensorcelled Hibernat  Hex/Ice        32%        N/A       5%          2

Your spell library contained the following spells:

 Spells                   Type           Power      Damage    Failure   Level
 Passwall                 Tmut/Erth      15%        N/A       3%          2
 Apportation              Tloc           10%        N/A       11%         1
 Necrotise                Necr           20%        1d5       11%         1
 Ice Form                 Ice/Tmut       23%        N/A       16%         4
 Blade Hands              Tmut           16%        N/A       16%         5
 Blink                    Tloc           10%        N/A       17%         2
 Lesser Beckoning         Tloc           10%        N/A       17%         2
 Momentum Strike          Conj/Tloc      10%        3d8       17%         2
 Swiftness                Air            5%         N/A       32%         3
 Iron Shot                Conj/Erth      2%         9d2       100%        6
 Animate Armour           Summ/Erth      Unusable   N/A       N/A         4

Dungeon Overview and Level Annotations

Branches:
Dungeon (11/15)            Temple (0/1) D:4            Lair (0/5) D:10
  IceCv (1/1)
    Orc: D:9-12

Altars:
Dithmenos
Hepliaklqana
Kikubaaqudgha
Makhleb
Sif Muna
Trog
Vehumet
Wu Jian
Zin
The Shining One

Shops:
D:1 =

Annotations:
IceCv 1 transporter


Innate Abilities, Weirdness & Mutations

Your life essence is reduced to manifest your ancestor. (-10% HP)
You have sharp claws.
You have razor-sharp teeth.
You have supernaturally acute eyesight. (SInv)
You cover ground quickly. (Speed+)
You are covered in thick fur. (AC +2)
Your paws help you pounce on unaware monsters.
You are incapable of wielding weapons or throwing items.
You cannot wear armour.
You gain extra lives every three experience levels.


Message History

Artakama is no longer encased in ice.
You see here a rime drake corpse.
There is a frozen archway here.
The world spins around you as you enter the gateway.
You enter an ice cave!
Found a scroll of teleportation.
Found an ice covered gate leading back out of this place.
There is an ice choked empty arch of ancient stone here.
Found a square bone amulet, a scroll of teleportation and 47 gold pieces.
Found a ring mail and 2 poisoned darts.
Found a transporter.
The helpless death yak simulacrum fails to defend itself.
You eviscerate the death yak simulacrum!!!
The death yak simulacrum is almost destroyed.
The death yak simulacrum completely misses you.
You scratch the death yak simulacrum.
The death yak simulacrum vaporises!
The freezing wraith closely misses you. The freezing wraith barely misses you.
Unknown command.
Press: ? - help, v - describe, . - travel
Here: a freezing wraith The floor.
The helpless wolf simulacrum fails to defend itself.
You eviscerate the wolf simulacrum!!!
The wolf simulacrum vaporises!
Artakama is recalled.
The freezing wraith barely misses you.
The freezing wraith completely misses you.
You fail to use your ability.
The freezing wraith closely misses you. The freezing wraith hits you!
* * * LOW HITPOINT WARNING * * *
The cane toad simulacrum completely misses you.
Artakama barely misses the freezing wraith.
You are confused.
You feel invigorated.
Artakama hits the cane toad simulacrum with a +0 quarterstaff!!
The freezing wraith hits you!
* * * LOW HITPOINT WARNING * * *
The freezing wraith freezes you! You resist.
You die...

#######
##..∩..##
##...∩...##
##.........#
#..R........#
#.@Z........#
#.°W......Z.#
#.............#
#....8...8....#
#......?......#
##...."?$....#
#...[.©.(...
##...8©8...#


You could see the friendly Artakama the battlemage, a freezing wraith (ally
target) and a cane toad simulacrum.

Vanquished Creatures
  Gastronok (D:8)
  Joseph (D:8)
  A kobold demonologist (D:11)
  A queen bee (D:9)
  3 trolls (D:10)
  A hornet (D:8)
  Prince Ribbit (D:8)
  A shadow (D:11)
  2 wraiths
  3 yaks (D:8)
  A wyvern (D:9)
  A death yak simulacrum (IceCv)
  3 acid dragons
  A water moccasin (D:4)
  An ice beast (D:5)
  An orc warrior (D:11)
  An ogre (D:5)
  2 wolves (D:10)
  5 kobold brigands
  4 bullfrogs
  2 scorpions
  2 wights (D:6)
  Dowan (D:7)
  15 killer bees (D:9)
  3 electric eels (D:10)
  A howler monkey (D:9)
  A quasit (D:7)
  2 jellies
  5 orc priests
  3 hounds
  An iguana (D:5)
  5 orc wizards
  A wolf simulacrum (IceCv)
  5 gnolls (D:7)
  9 adders
  A shadow imp (D:6)
  A white imp (D:6)
  An ufetubus (D:6)
  A worm (D:2)
  4 dart slugs
  34 orcs
  2 bats
  11 endoplasms
  A giant cockroach (D:4)
  3 goblins
  4 hobgoblins
  19 kobolds
  4 quokkas
  10 ball pythons
  4 frilled lizards
  5 rats
196 creatures vanquished.

Vanquished Creatures (collateral kills)
  A kobold demonologist (D:10)
  2 rime drakes (D:12)
  2 trolls
  A hornet (D:10)
  2 wraiths (D:10)
  2 yaks (D:8)
  A wyvern (D:9)
  Duvessa (D:7)
  An orc warrior (D:9)
  2 black bears
  An ice beast (D:8)
  An ogre (D:7)
  2 centaurs
  2 kobold brigands (D:10)
  A gnoll sergeant (D:7)
  4 wights
  13 killer bees (D:9)
  2 howler monkeys (D:10)
  A quasit (D:7)
  5 hounds (D:10)
  3 jellies
  2 orc priests
  2 gnoll boudas
  A sleepcap (D:6)
  3 iguanas
  5 orc wizards
  9 gnolls
  An adder (D:4)
  2 shadow imps (D:7)
  2 white imps
  2 ufetubi (D:7)
  5 orcs
  A hobgoblin (D:4)
  12 kobolds
97 creatures vanquished.

Vanquished Creatures (others)
  9 battlemagi
  A white imp (D:7)
  An ancestor (D:4)
11 creatures vanquished.

Grand Total: 304 creatures vanquished

Notes
Turn   | Place    | Note
-------+----------+-------------------------------------------
     0 | D:1      | ChrisAssaf the Felid Transmuter began the quest for the
                  | Orb.
     0 | D:1      | Reached XP level 1. HP: 9/9 MP: 4/4
     4 | D:1      | Found Xaodig's Jewellery Boutique.
    85 | D:1      | Reached XP level 2. HP: 11/12 MP: 4/6
    89 | D:1      | Learned a level 2 spell: Wereblood
   252 | D:2      | Reached skill level 1 in Stealth
   252 | D:2      | Reached XP level 3. HP: 11/15 MP: 7/7
   256 | D:2      | Learned a level 3 spell: Spider Form
   362 | D:3      | Found a hazy altar of Hepliaklqana.
   404 | D:3      | Reached XP level 4. HP: 14/19 MP: 1/8
   449 | D:3      | Became a worshipper of Hepliaklqana the Forgotten
   783 | D:3      | Reached skill level 4 in Unarmed Combat
   792 | D:3      | Reached XP level 5. HP: 22/22 MP: 4/9
  1802 | D:2      | Reached skill level 1 in Poison Magic
  2239 | D:2      | Reached * piety under Hepliaklqana
  2353 | D:1      | Found a faded altar of an unknown god.
  2412 | D:1      | Learned a level 1 spell: Summon Small Mammal
  3004 | D:4      | Noticed a black bear
  3011 | D:4      | Killed a black bear
  3012 | D:4      | Gained mutation: You are covered in thick fur. (AC +2)
                  | [Felid growth]
  3012 | D:4      | Reached XP level 6. HP: 23/23 MP: 7/11
  3207 | D:4      | Reached skill level 1 in Invocations
  3207 | D:4      | Reached XP level 7. HP: 27/27 MP: 9/12
  3252 | D:4      | Reached skill level 5 in Unarmed Combat
  3252 | D:4      | Reached skill level 1 in Summonings
  3364 | D:4      | Found a staircase to the Ecumenical Temple.
  3660 | D:4      | Reached ** piety under Hepliaklqana
  3661 | D:4      | Remembered your ancestor Artakama as a battlemage
  3846 | D:5      | Entered Level 5 of the Dungeon
  4488 | D:5      | Found a radiant altar of Vehumet.
  4493 | D:5      | Reached XP level 8. HP: 29/30 MP: 8/14
  4500 | D:5      | Found an ancient bone altar of Kikubaaqudgha.
  4511 | D:5      | Found a shimmering blue altar of Sif Muna.
  4644 | D:5      | Reached *** piety under Hepliaklqana
  5385 | D:6      | Found a bloodstained altar of Trog.
  5418 | D:6      | Reached skill level 6 in Unarmed Combat
  5506 | D:6      | Found a glowing golden altar of the Shining One.
  5519 | D:6      | Found a burning altar of Makhleb.
  5542 | D:6      | Identified a scroll of acquirement
  5543 | D:6      | Acquired the ring "Piysaos" {rC+ Str+4 Int+4}
  5595 | D:6      | Reached skill level 5 in Dodging
  5960 | D:6      | Found a shadowy altar of Dithmenos.
  6102 | D:6      | Reached skill level 5 in Transmutations
  6678 | D:7      | Reached **** piety under Hepliaklqana
  6762 | D:7      | HP: 1/30 [gnoll sergeant/+0 spear (9)]
  6762 | D:7      | Slain by a scorpion
  6763 | D:7      | Reached XP level 7. HP: 0/27 MP: 12/14
  6796 | D:7      | Reached XP level 8. HP: 30/30 MP: 15/15
  6939 | D:7      | Noticed Duvessa
  6946 | D:7      | Killed Duvessa
  6946 | D:7      | Noticed Dowan
  6955 | D:7      | Killed Dowan
  6962 | D:7      | Acquired 1063 gold pieces
  7413 | D:8      | Found a glowing silver altar of Zin.
  7475 | D:8      | Reached skill level 5 in Stealth
  7669 | D:8      | Noticed a hornet
  7675 | D:8      | Killed a hornet
  7676 | D:8      | Reached skill level 7 in Unarmed Combat
  7676 | D:8      | Reached XP level 9. HP: 21/35 MP: 17/17
  7684 | D:8      | Reached skill level 5 in Spellcasting
  7878 | D:8      | Noticed Joseph
  7897 | D:8      | Killed Joseph
  7960 | D:8      | Reached ***** piety under Hepliaklqana
  8097 | D:8      | Noticed Gastronok
  8121 | D:8      | Killed Gastronok
  8122 | D:8      | Reached skill level 8 in Unarmed Combat
  8122 | D:8      | Reached skill level 1 in Evocations
  8122 | D:8      | Reached XP level 10. HP: 38/38 MP: 15/19
  8365 | D:8      | Noticed Prince Ribbit
  8368 | D:8      | Killed Prince Ribbit
  8641 | D:8      | Found an ornate altar of the Wu Jian Council.
  9011 | D:9      | Identified the +1 falchion of Prudence {protect, Fly Str-5
                  | Dex+8 Stlth+}
  9229 | D:9      | Learned a level 2 spell: Ensorcelled Hibernation
  9489 | D:9      | Reached skill level 1 in Hexes
  9492 | D:9      | Mangled by a killer bee
  9493 | D:9      | Reached XP level 9. HP: -7/35 MP: 16/18
  9975 | D:9      | Reached skill level 1 in Ice Magic
 10282 | D:9      | Killed a queen bee
 10463 | D:9      | Reached XP level 10. HP: 38/38 MP: 13/19
 10769 | D:10     | Entered Level 10 of the Dungeon
 11066 | D:10     | Reached skill level 5 in Fighting
 11277 | D:10     | Killed from afar by an electric eel
 11278 | D:10     | Reached XP level 9. HP: -3/36 MP: 18/18
 11320 | D:10     | Paralysed by a hornet for 1 turns
 11527 | D:10     | Noticed a troll
 11539 | D:10     | Killed a troll
 11566 | D:10     | Noticed a troll
 11625 | D:10     | Found a staircase to the Lair.
 11806 | D:10     | Killed a troll
 11807 | D:10     | Reached XP level 10. HP: 15/39 MP: 15/20
 11876 | D:10     | Reached skill level 9 in Unarmed Combat
 12052 | D:11     | Reached ****** piety under Hepliaklqana
 12085 | D:11     | Noticed a sixfirhy
 12267 | D:11     | You fall into a shaft and drop 1 floor!
 12276 | D:12     | Found a frozen archway.
 12295 | IceCv    | Entered an ice cave
 12298 | IceCv    | Found a transporter.
 12306 | IceCv    | Slain by a freezing wraith

Illustrated notes

Levels and vault maps discovered:
D:1:      saegor_arrival_simple_b, layout_rooms, serial_shops, shop,
          nicolae_ecumenical_snake_handling
D:2:      minmay_razor_zed, layout_basic, minivault_19
D:3:      minmay_spotlight, layout_loops_cross, old_standard_altar
D:4:      layout_loops_ring, temple_statues, kennysheep_generic_room_13
D:5:      layout_basic, palyth_temple_overflow_mages
D:6:      mumra_celtic_spiral_tile, layout_basic,
          nicolae_overflow_quartered_altars
D:7:      layout_basic, serial_demonic, serial_demonic_d, serial_demonic_b,
          serial_demonic_g, serial_demonic_f, uniq_duvessa
D:8:      layout_basic, kennysheep_mini, mainiacjoe_overflow_paths,
          kennysheep_generic_room_2, uniq_gastronok, uniq_prince_ribbit1,
          uniq_joseph
D:9:      layout_roguey [special_room_bee], serial_co_window_serial,
          co_window_corner_a, co_window_of_opportunity_a, co_window_paths_a,
          co_window_corner_a, co_window_paths_a, co_window_of_opportunity_a,
          co_window_of_opportunity_a, co_window_broadway_a,
          co_window_broadway_b, co_window_broadway_a, co_window_2corner,
          co_window_broadway_c, co_window_corner_cb, co_window_paths_d,
          glass_columns_a, glass_columns_c, abandoned_shop
D:10:     layout_small_grid, erik_lair_island, wad_floor_pattern_1, minmay_puff
D:11:     layout_basic
D:12:     layout_rooms, hiddenorc1_lemuel, serial_shops,
          nicolae_take_the_stairs, portal_ice_cave_rime
IceCv:    ice_cave_statue_garden_transporter

Skill      XL: |  1  2  3  4  5  6  7  8  9 10 |
---------------+-------------------------------+-----
Stealth        | 1 2 3 5 8 |  8.4
Dodging        | 3 4 5 6 7 |  7.4
Unarmed Combat | 4 5 7 8 9 |  9.1
Fighting       | 2 3 4 5 |  5.5
Transmutations | 3 4 5 6 7 |  7.2
Poison Magic   | 1 2 3 4 |  4.7
Spellcasting   | 3 4 6 |  6.1
Invocations    | 1 3 4 |  4.8
Summonings     | 1 3 4 |  4.9
Evocations     | 1 |  1.9
Hexes          | 2 3 |  3.3
Ice Magic      | 1 2 |  2.2

Action                     |  1- 3 |  4- 6 |  7- 9 | 10-12 || total
---------------------------+-------+-------+-------+-------++-------
  Melee: Unarmed           |    51 |   139 |   233 |    95 ||   518
         Headbutt          |     5 |     7 |    24 |       ||    36
         Punch             |     4 |     1 |     8 |     1 ||    14
         Bite              |     5 |     1 |    12 |       ||    18
   Cast: Beastly Appendage |    10 |    10 |    16 |     1 ||    37
         Spider Form       |       |    21 |    32 |    17 ||    70
         Wereblood         |       |       |     2 |       ||     2
         Ensorcelled Hiber |       |       |     6 |       ||     6
 Invoke: Recall Ancestor   |       |     3 |     8 |     5 ||    16
         Ancestor Life: Ba |       |       |     1 |       ||     1
         Ancestor Identity |       |       |     1 |       ||     1
         Idealise          |       |       |       |     1 ||     1
  Evoke: Wand              |       |       |    33 |     9 ||    42
    Use: Potion            |     1 |     1 |     8 |     8 ||    18
         Scroll            |       |     5 |    11 |     1 ||    17
   Stab: Sleeping          |     3 |     8 |     7 |     9 ||    27
         Distracted        |       |       |     2 |     4 ||     6
         Paralysed         |       |       |     4 |       ||     4
 Armour: Skin              |     7 |    40 |    25 |    11 ||    83
  Dodge: Dodged            |    40 |   164 |   308 |   154 ||   666
